 Dungeon Crawl Stone Soup version 0.18.1-1-g2f07953 (webtiles) character file.

507 MDvedh the Cleaver (level 7, -1/57 HPs)
             Began as a Hill Orc Fighter on May 7, 2016.
             Was a Follower of Beogh.
             Splashed by a jelly's acid (6 damage)
             ... on level 5 of the Dungeon.
             The game lasted 00:05:13 (3390 turns).

MDvedh the Cleaver (Hill Orc Fighter)               Turns: 3390, Time: 00:05:14

Health: -1/57      AC: -6    Str: 23    XL:     7   Next: 18%
Magic:  7/7        EV:  5    Int:  8    God:    Beogh [*.....]
Gold:   78         SH: 12    Dex: 13    Spells: 0 memorised, 6 levels left

rFire  . . .     SeeInvis .     a - +1 war axe
rCold  . . .     Gourm    .     s - +0 chain mail
rNeg   . . .     Faith    .     c - +0 shield
rPois  .         Spirit   .     (no helmet)
rElec  .         Dismiss  .     (no cloak)
rCorr  .         Reflect  +     E - +1 pair of gloves
SustAt .         Harm     .     q - +0 pair of boots
MR     .....                    p - +2 amulet of reflection
Stlth  ..........               (no ring)
                                n - +3 ring of strength

@: corroded, not resistant to hostile enchantments, extremely unstealthy
A: thin skeletal structure 1, deformed body, wild magic 1
a: Renounce Religion


You were on level 5 of the Dungeon.
You worshipped Beogh.
Beogh was aware of your devotion.
You were full.

You visited 1 branch of the dungeon, and saw 5 of its levels.

You collected 250 gold pieces.
You spent 172 gold pieces at shops.

Inventory:

Hand Weapons
 a - a +1 war axe (weapon)
Armour
 c - a +0 shield (worn)
 q - a +0 pair of boots (worn)
 s - a +0 chain mail (worn)
 E - a +1 pair of gloves (worn)
Jewellery
 n - a +3 ring of strength (left hand)
 p - a +2 amulet of reflection (around neck)
Wands
 m - a wand of acid (9/15)
 t - a wand of iceblast (2/15)
 y - a wand of enslavement (7/24)
Scrolls
 e - a scroll of identify
 g - 3 scrolls of enchant armour
 j - 2 scrolls of magic mapping
 C - 4 scrolls of random uselessness {unknown}
 D - a scroll of fog {unknown}
Potions
 d - a potion of might
 l - 4 potions of curing
 o - 3 potions of haste
 r - a potion of flight
 z - a potion of degeneration
Comestibles
 f - 2 bread rations
 x - a meat ration
 A - a fruit


   Skills:
 - Level 3.6 Fighting
 + Level 9.9 Axes
 - Level 3.2 Armour
 - Level 3.2 Shields


You had 6 spell levels left.
You didn't know any spells.

Dungeon Overview and Level Annotations

Branches:
Dungeon (5/15)
 Temple: D:4-7

Altars:
Elyvilon
Yredelemnul
Zin
The Shining One

Shops:
D:4 *


Innate Abilities, Weirdness & Mutations

You have a somewhat thin skeletal structure (Dex +2, Stealth).
Armour fits poorly on your strangely shaped body.
Your spells are a little harder to cast, but a little more powerful.


Message History

* * * LOW HITPOINT WARNING * * *
You are splashed with acid!
The acid corrodes you!
The acid burns!
* * * LOW HITPOINT WARNING * * *
Your shield and chain mail prevent you from hitting the jelly.
The jelly is severely wounded.
You block the jelly's attack.
Unknown command.
Drink which item? (? for menu, Esc to quit)
Okay, then.
There is a stone staircase leading down here.
The jelly jiggles.
A crimson imp comes into view.
The crimson imp shouts!
You block the jelly's attack.
The crimson imp blinks!
A quokka zombie comes into view.
The crimson imp blinks!
The jelly hits you.
* * * LOW HITPOINT WARNING * * *
You are splashed with acid!
The acid burns!
You die...

#...*#....,,,,
#...##...,,,,,
###...##...,,,,,
###......[)#**,*..
#........).###....
#.........>)......
###..........#.#####
#..........$.#.#,,,,
***#..@J........#,#,,,,
#...............#,*,,,,
*#.##............#,*,,,,
*,...............#,*,,,,
*,######.........#,*,*,*
**,*,,,,#....Z§.....,,*,*
*,,*,,**#............,*,*
*,,*∩,,,.............,*,,
*,,*,,***,,,,,,,,,,,,,,,,


You could see a jelly and a quokka zombie.

Vanquished Creatures
  An ogre (D:4)
  A crimson imp (D:4)
  A hound (D:4)
  2 orc priests
  An orc wizard (D:5)
  Terence (D:2)
  An iguana (D:5)
  A worker ant (D:4)
  8 adders
  An ooze (D:1)
  An adder zombie (D:4)
  5 worms
  2 dart slugs
  5 giant geckos
  17 orcs
  A ball python (D:2)
  3 bats
  6 giant cockroaches
  9 hobgoblins
  6 jackals (D:2)
  12 kobolds
  3 giant newts
  3 goblins
  3 rats
  A spectral orc (D:4)
95 creatures vanquished.

Notes
Turn   | Place    | Note
--------------------------------------------------------------
     0 | D:1      | MDvedh the Hill Orc Fighter began the quest for the Orb.
     0 | D:1      | Reached XP level 1. HP: 19/19 MP: 1/1
    35 | D:1      | Reached skill level 3 in Axes
   249 | D:1      | Reached XP level 2. HP: 18/26 MP: 2/2
   533 | D:1      | Reached skill level 4 in Axes
   592 | D:1      | Reached XP level 3. HP: 16/31 MP: 3/3
  1063 | D:2      | Reached skill level 5 in Axes
  1281 | D:2      | Reached XP level 4. HP: 31/39 MP: 4/4
  1418 | D:2      | Noticed Terence
  1433 | D:2      | Killed Terence
  1433 | D:2      | Reached skill level 6 in Axes
  1916 | D:2      | Reached XP level 5. HP: 45/45 MP: 5/5
  2087 | D:3      | Reached skill level 7 in Axes
  2089 | D:3      | Became a worshipper of Beogh the Brigand
  2466 | D:3      | Found a glowing silver altar of Zin.
  2466 | D:3      | Found a glowing golden altar of the Shining One.
  2467 | D:3      | Found a white marble altar of Elyvilon.
  2528 | D:4      | Noticed an ogre
  2533 | D:4      | Killed an ogre
  2533 | D:4      | Reached skill level 8 in Axes
  2533 | D:4      | Reached XP level 6. HP: 50/51 MP: 6/6
  2680 | D:4      | Reached skill level 9 in Axes
  2703 | D:4      | Reached * piety under Beogh
  2916 | D:4      | Found Zyidgh's Assorted Antiques.
  2925 | D:4      | Bought a scroll labeled TYAHUAMIQY for 23 gold pieces
  2925 | D:4      | Bought a scroll labeled AVIAKL GUIBI for 23 gold pieces
  2925 | D:4      | Bought a scroll labeled KIRHUS ZYRON for 23 gold pieces
  2925 | D:4      | Bought a pair of gloves for 103 gold pieces
  2935 | D:4      | Gained mutation: Armour fits poorly on your strangely shaped body. [potion of mutation]
  2935 | D:4      | Gained mutation: You have a somewhat thin skeletal structure (Dex +2, Stealth). [potion of mutation]
  2935 | D:4      | Gained mutation: Your spells are a little harder to cast, but a little more powerful. [potion of mutation]
  3126 | D:4      | Found a basalt altar of Yredelemnul.
  3328 | D:5      | Entered Level 5 of the Dungeon
  3348 | D:5      | Reached XP level 7. HP: 45/57 MP: 7/7
  3390 | D:5      | Splashed by a jelly's acid

Skill      XL: |  1  2  3  4  5  6 |
---------------+-------------------+-----
Axes           | 3 4 5 6 8 9 |  9.9
Fighting       | |  3.6
Armour         | |  3.2
Shields        | |  3.2

Action                   |  1- 3 |  4- 6 |  7- 9 || total
-------------------------+-------+-------+-------++-------
Melee: War axe           |   113 |   181 |    18 ||   312
Invok: Convert to Beogh  |       |     1 |       ||     1
  Use: Scroll            |       |     5 |     8 ||    13
       Potion            |       |     1 |       ||     1
  Eat: Chunk             |     1 |     7 |       ||     8
       Meat ration       |       |     1 |       ||     1
Armor: Scale mail        |    40 |    18 |       ||    58
       Chain mail        |       |    36 |     7 ||    43
Dodge: Dodged            |    30 |    32 |       ||    62
Block: Shield            |    43 |    98 |    14 ||   155
